 Dungeon Sprint DCSS version 0.18-a0-1354-gbc5753f (webtiles) character file.

7544 Kidiri the Covert (level 10, -2/76 HPs)
             Began as a Spriggan Enchanter on Feb 20, 2016.
             Was an Elder of Dithmenos.
             Slain by a spriggan defender
             ... wielding a +3 rapier of venom
              (30 damage)
             ... in the Dungeon (Sprint IV: "Fedhas' Mad Dash").
             The game lasted 00:08:45 (3166 turns).

Kidiri the Covert (Spriggan Enchanter)              Turns: 3166, Time: 00:08:45

Health: -2/76      AC:  5    Str:  9    XL:     10   Next: 96%
Magic:  6/26       EV: 30    Int: 18    God:    Dithmenos [****..]
Gold:   229        SH: 10    Dex: 19    Spells: 9 memorised, 10 levels left

rFire  . . .     SeeInvis +     n - +0 rapier
rCold  . . .     Gourm    .     b - +1 robe
rNeg   . . .     Faith    .     m - +2 buckler
rPois  .         Spirit   .     (helmet restricted)
rElec  .         Dismiss  .     k - +1 cloak {+Inv}
rCorr  .         Reflect  .     (gloves unavailable)
SustAt .         Harm     .     (boots unavailable)
MR     +....     NoTele   +     (no amulet)
Stlth  ..........               (no ring)
                                p - ring of stealth

@: berserking, lethally poisoned (-2 -> -16), very slightly contaminated,
wreathed by umbra, studying Transmutations, very quick, somewhat resistant to
hostile enchantments, extremely unstealthy
A: unfitting armour, see invisible, herbivore 3, speed 3, slow metabolism 2
a: Shadow Step, Renounce Religion, Evoke Invisibility


You were in the Dungeon.
You worshipped Dithmenos.
Dithmenos was greatly pleased with you.
You were not hungry.

You visited 1 branch You collected 229 gold pieces.

Inventory:

Hand Weapons
 n - a +0 rapier (weapon)
Armour
 b - a +1 robe (worn)
 k - a +1 cloak of invisibility (worn)
 m - a +2 buckler (worn)
Jewellery
 p - a ring of stealth (left hand)
Scrolls
 l - a scroll of identify {unknown}
Potions
 e - a potion of curing
 g - a potion of haste
 h - a potion of magic
 o - a potion of might {unknown}
 s - a potion of brilliance {unknown}
 u - a potion of flight {unknown}
Books
 a - a manual of Transmutations
 c - a book of Maledictions

   Spells                             Type                      Level
   a - Corona                         Hexes                        1
   b - Ensorcelled Hibernation        Hexes/Ice                    2
   c - Confuse                        Hexes                        3
   d - Tukima's Dance                 Hexes                        3
   e - Dazzling Spray                 Conjuration/Hexes            3
 q - a book of Minor Magic

   Spells                             Type                      Level
   a - Magic Dart                     Conjuration                  1
   b - Blink                          Translocation                2
   c - Call Imp                       Summoning                    2
   d - Repel Missiles                 Charms/Air                   2
   e - Slow                           Hexes                        2
   f - Conjure Flame                  Conjuration/Fire             3
   g - Mephitic Cloud                 Conjuration/Poison/Air       3
Comestibles
 d - 2 royal jellies
 t - a bread ration


   Skills:
 + Level 5.4 Fighting
 * Level 10.3 Short Blades
 + Level 4.9 Armour
 * Level 13.2 Dodging
 * Level 14.6 Stealth
 * Level 6.2 Shields
 * Level 11.4 Spellcasting
 + Level 4.8 Conjurations
 + Level 8.9 Hexes
 + Level 4.2 Charms
 + Level 2.2 Summonings
 + Level 2.7 Translocations
 + Level 5.5 Transmutations
 + Level 5.0 Ice Magic
 + Level 2.4 Air Magic
 + Level 2.6 Poison Magic
 - Level 3.0 Invocations
 + Level 8.0 Evocations


You had 10 spell levels left.
You knew the following spells:

 Your Spells              Type           Power        Failure   Level  Hunger
a - Corona                Hex            #####..      1%          1    None
b - Ensorcelled Hibernat  Hex/Ice        #####.       1%          2    None
c - Confuse               Hex            #####...     1%          3    None
d - Tukima's Dance        Hex            #####...     1%          3    None
e - Dazzling Spray        Conj/Hex       #####...     1%          3    None
f - Repel Missiles        Chrm/Air       ###...       2%          2    None
g - Mephitic Cloud        Conj/Pois/Air  ###.....     8%          3    None
h - Call Imp              Summ           ###.....     4%          2    None
i - Blink                 Tloc           N/A          3%          2    None


Dungeon Overview and Level Annotations

Branches:
Dungeon (1/1)

Altars:
Cheibriados
Dithmenos
Elyvilon
Gozag
Kikubaaqudgha
Makhleb
Nemelex Xobeh
Okawaru
Pakellas
Qazlal
Ru
Sif Muna
Trog
Vehumet
Xom
Yredelemnul
Zin
The Shining One
Beogh
Jiyva
Lugonu

Shops:
D [**(:%*!


Innate Abilities, Weirdness & Mutations

You are tiny and cannot use many weapons and most armour.
You have supernaturally acute eyesight.
You are an herbivore.
You cover ground extremely quickly.
You need consume almost no food.


Message History

The spriggan defender is lightly wounded.
You feel sick.
The spriggan defender closely misses you.
You completely miss the spriggan defender.
The spriggan defender is lightly wounded.
You feel sick.
The spriggan defender blocks your attack.
The spriggan defender is lightly wounded.
The spriggan defender misses you.
You miss the spriggan defender.
The spriggan defender is lightly wounded.
You feel sick. The spriggan defender misses you.
You barely miss the spriggan defender.
The spriggan defender is lightly wounded.
You feel sick.
The spriggan defender blocks your attack.
The spriggan defender is lightly wounded.
You feel sick.
The spriggan defender hits you with a rapier of venom!!
You die...

###############################
#<..P#.....#.....#.⌠...._....⌠.
#PP..'.(...'.#(..+._._._._._._.
#PPPP#%..%.#.#...#_._._._._._._
###############'##._._._._._._.
#...♣........i@..#.⌠...._....⌠.
#......♣.....#...##############
#%%...♣..♣..######♣♣♣♣♣..♣)###.
##+####'######.)'.....i♣..♣##..
#..#....+....i..#♣..♣♣♣.♣).###.
#..#..###.......#.♣♣..♣...♣'...
####### #######################
#. #.).


You could see a spriggan defender.

Vanquished Creatures
  Agnes (D)
  A spriggan berserker (D)
  A spriggan druid (D)
  6 oklob plants (D)
  A demonic crawler (D)
  3 burning bushes (D)
  A queen bee (D)
  3 wandering mushrooms (D)
  A wasp (D)
  2 scorpions (D)
  4 killer bees (D)
  5 oklob saplings (D)
  A worker ant (D)
  5 spriggans (D)
  A river rat (D)
  A rat (D)
  A giant spore (D)
38 creatures vanquished.

Notes
Turn   | Place    | Note
--------------------------------------------------------------
     0 | D        | Kidiri the Spriggan Enchanter began the quest for the Orb.
     0 | D        | Reached XP level 1. HP: 9/9 MP: 5/5
     8 | D        | Reached skill level 1 in Fighting
     8 | D        | Reached skill level 5 in Stealth
     8 | D        | Reached XP level 2. HP: 12/14 MP: 7/7
    17 | D        | Learned a level 2 spell: Ensorcelled Hibernation
    82 | D        | Noticed an oklob sapling
    83 | D        | Killed an oklob sapling
    83 | D        | Reached skill level 1 in Armour
    83 | D        | Reached skill level 6 in Stealth
    83 | D        | Reached XP level 3. HP: 18/18 MP: 7/9
    88 | D        | Learned a level 3 spell: Confuse
    92 | D        | Learned a level 3 spell: Dazzling Spray
   104 | D        | Reached skill level 5 in Dodging
   229 | D        | Found a snail-covered altar of Cheibriados.
   229 | D        | Found a glowing silver altar of Zin.
   229 | D        | Found a white marble altar of Elyvilon.
   230 | D        | Found a viscous altar of Jiyva.
   230 | D        | Found a radiant altar of Vehumet.
   230 | D        | Found a deep blue altar of Sif Muna.
   230 | D        | Found a burning altar of Makhleb.
   230 | D        | Found an oddly glowing altar of Pakellas.
   230 | D        | Found an ancient bone altar of Kikubaaqudgha.
   230 | D        | Found a bloodstained altar of Trog.
   230 | D        | Found a corrupted altar of Lugonu.
   230 | D        | Found a sacrificial altar of Ru.
   230 | D        | Noticed an oklob sapling priest
   231 | D        | Found a glowing golden altar of the Shining One.
   231 | D        | Found a sparkling altar of Nemelex Xobeh.
   232 | D        | Found a shadowy altar of Dithmenos.
   233 | D        | Found an iron altar of Okawaru.
   233 | D        | Found a shimmering altar of Xom.
   234 | D        | Found an opulent altar of Gozag.
   235 | D        | Found a basalt altar of Yredelemnul.
   235 | D        | Found a roughly hewn altar of Beogh.
   236 | D        | Killed an oklob sapling priest
   236 | D        | Reached skill level 7 in Stealth
   236 | D        | Reached skill level 5 in Spellcasting
   236 | D        | Reached skill level 1 in Conjurations
   236 | D        | Reached skill level 1 in Ice Magic
   236 | D        | Reached skill level 1 in Evocations
   236 | D        | Reached XP level 4. HP: 23/23 MP: 8/12
   237 | D        | Found a stormy altar of Qazlal.
   242 | D        | Became a worshipper of Dithmenos the Shadowed
   247 | D        | Learned a level 3 spell: Tukima's Dance
   616 | D        | Reached skill level 5 in Hexes
   616 | D        | Reached XP level 5. HP: 26/26 MP: 10/13
   629 | D        | Reached skill level 8 in Stealth
   629 | D        | Reached skill level 1 in Invocations
   632 | D        | Reached * piety under Dithmenos
   656 | D        | Found Impury's Assorted Antiques.
   656 | D        | Found Lodd's Antique Armour Emporium.
   782 | D        | Noticed a burning bush
   782 | D        | Noticed a wandering mushroom
   783 | D        | Noticed a wandering mushroom
   795 | D        | Reached skill level 5 in Short Blades
   795 | D        | Reached XP level 6. HP: 11/32 MP: 8/16
  1023 | D        | Killed a burning bush
  1023 | D        | Reached skill level 9 in Stealth
  1268 | D        | Killed a wandering mushroom
  1268 | D        | Reached skill level 10 in Stealth
  1268 | D        | Reached XP level 7. HP: 7/36 MP: 16/18
  2002 | D        | Found Yloej's Food Emporium.
  2002 | D        | Found Focafru's Book Shoppe.
  2223 | D        | Noticed a queen bee
  2230 | D        | Killed a queen bee
  2231 | D        | Reached ** piety under Dithmenos
  2231 | D        | Reached skill level 11 in Stealth
  2231 | D        | Reached XP level 8. HP: 40/40 MP: 19/21
  2235 | D        | Reached skill level 5 in Evocations
  2363 | D        | Noticed an oklob plant
  2366 | D        | Killed an oklob plant
  2366 | D        | Reached skill level 10 in Dodging
  2481 | D        | Noticed a burning bush
  2488 | D        | Killed a burning bush
  2501 | D        | Noticed a burning bush
  2501 | D        | Noticed an oklob plant
  2502 | D        | Noticed a wandering mushroom
  2503 | D        | Killed a burning bush
  2503 | D        | Reached *** piety under Dithmenos
  2503 | D        | Reached skill level 12 in Stealth
  2503 | D        | Reached XP level 9. HP: 45/45 MP: 17/23
  2507 | D        | Killed an oklob plant
  2508 | D        | Killed a wandering mushroom
  2625 | D        | Noticed a spriggan druid
  2626 | D        | Killed a spriggan druid
  2626 | D        | Reached skill level 13 in Stealth
  2626 | D        | Reached skill level 5 in Shields
  2626 | D        | Reached skill level 10 in Spellcasting
  2732 | D        | Noticed an oklob plant conjurer
  2733 | D        | Killed an oklob plant conjurer
  2739 | D        | Learned a level 2 spell: Repel Missiles
  2743 | D        | Learned a level 3 spell: Mephitic Cloud
  2746 | D        | Learned a level 2 spell: Call Imp
  2839 | D        | Noticed an oklob plant
  2839 | D        | Noticed an oklob plant summoner
  2840 | D        | Noticed an oklob plant shifter
  2843 | D        | Killed an oklob plant
  2843 | D        | Reached skill level 1 in Charms
  2843 | D        | Reached skill level 1 in Transmutations
  2845 | D        | Killed an oklob plant summoner
  2845 | D        | Reached skill level 1 in Poison Magic
  2845 | D        | Reached XP level 10. HP: 35/51 MP: 20/25
  2847 | D        | Killed an oklob plant shifter
  2847 | D        | Reached skill level 1 in Summonings
  2847 | D        | Reached skill level 1 in Air Magic
  2860 | D        | Noticed a spriggan rider
  2861 | D        | Found Duwut's Assorted Antiques.
  2866 | D        | Found Loar Deu's Distillery.
  2867 | D        | Reached skill level 5 in Fighting
  2869 | D        | Killed a spriggan rider
  2869 | D        | Reached **** piety under Dithmenos
  2869 | D        | Reached skill level 14 in Stealth
  2961 | D        | Got a transparent whip
  2962 | D        | Identified the +10 whip of Devotion {drain, rElec rF- rN+++ MP+9 Int-2} (You found it in the Dungeon)
  3096 | D        | Learned a level 2 spell: Blink
  3098 | D        | Noticed Agnes
  3100 | D        | Found Vyelef's General Store.
  3100 | D        | Noticed a spriggan berserker
  3102 | D        | Killed a spriggan berserker
  3102 | D        | Reached skill level 1 in Translocations
  3103 | D        | Found Oguiczom's Weapon Shoppe.
  3108 | D        | Noticed a spriggan defender
  3109 | D        | Killed Agnes
  3109 | D        | Reached skill level 10 in Short Blades
  3109 | D        | Reached skill level 5 in Transmutations
  3109 | D        | Reached skill level 5 in Ice Magic
  3166 | D        | Slain by a spriggan defender

Vault maps used:
D:        dungeon_sprint_fedhas

Action                   |  1- 3 |  4- 6 |  7- 9 | 10-12 || total
-------------------------+-------+-------+-------+-------++-------
Melee: Dagger            |     5 |     5 |       |       ||    10
       Rapier            |       |    26 |    35 |    20 ||    81
 Cast: Ensorcelled Hiber |     1 |       |       |       ||     1
       Dazzling Spray    |       |     7 |       |     3 ||    10
       Confuse           |       |     2 |     7 |       ||     9
       Mephitic Cloud    |       |       |       |     2 ||     2
Invok: Shadow Step       |       |       |     3 |     2 ||     5
 Abil: Evoke Invisibilit |     1 |     4 |     8 |     1 ||    14
  Use: Potion            |       |     1 |       |     3 ||     4
       Scroll            |       |       |       |     1 ||     1
 Stab: Sleeping          |     5 |     5 |    16 |     7 ||    33
       Invisible         |       |     2 |     2 |       ||     4
       Confused          |       |     4 |     2 |     1 ||     7
  Eat: Bread ration      |       |     1 |       |       ||     1
       Royal jelly       |       |       |     1 |       ||     1
